[Event "FICS rated lightning game"]
[Site "FICS freechess.org"]
[FICSGamesDBGameNo "20001822"]
[White "lucio"]
[Black "sgh"]
[WhiteElo "1598"]
[BlackElo "1533"]
[WhiteRD "na"]
[BlackRD "na"]
[TimeControl "120+1"]
[Date "1999.09.15"]
[Time "15:41:00"]
[WhiteClock "0:02:00.000"]
[BlackClock "0:02:00.000"]
[ECO "B50"]
[PlyCount "142"]
[Result "0-1"]

1. e4 c5 2. Nf3 d6 3. Be2 Nc6 4. d3 g6 5. O-O Bg7 6. h3 e5 7. c3 Nge7 8. Bg5 h6 9. Bh4 g5 10. Bg3 f5 11. Nbd2 O-O 12. Nc4 Ng6 13. exf5 Bxf5 14. d4 exd4 15. Bxd6 dxc3 16. Bxf8 Qxd1 17. Raxd1 Rxf8 18. bxc3 Bxc3 19. Nd6 Bc8 20. a3 Nf4 21. Bc4+ Kh7 22. Rc1 Be5 23. Nxe5 Nxe5 24. Nxc8 Rxc8 25. Bb3 Ne2+ 26. Kh1 Nxc1 27. Rxc1 b5 28. f3 Kg7 29. Kg1 c4 30. Bc2 Nc6 31. Be4 Nd4 32. Kf2 Nb3 33. Rb1 Nd2 34. Rb2 Nxe4+ 35. fxe4 a6 36. Rd2 c3 37. Rc2 Kf6 38. Ke3 Ke5 39. g3 h5 40. g4 hxg4 41. hxg4 Rc4 42. Ra2 Rxe4+ 43. Kd3 Rxg4 44. Kxc3 Rg3+ 45. Kb4 Rg4+ 46. Ka5 Ra4+ 47. Kb6 g4 48. Re2+ Kf4 49. Re8 g3 50. Rf8+ Ke3 51. Rg8 Kf2 52. Rf8+ Kg2 53. Rg8 Rxa3 54. Rf8 Rf3 55. Rg8 Kf2 56. Kxa6 g2 57. Kxb5 g1=Q 58. Rxg1 Kxg1 59. Kc4 Kf2 60. Kd5 Ke3 61. Kd6 Kd4 62. Kc6 Rf5 63. Kd6 Rf6+ 64. Ke7 Ke5 65. Kd7 Rh6 66. Ke7 Rh7+ 67. Kd8 Ke6 68. Kc8 Kd6 69. Kb8 Kc6 70. Ka8 Kb6 71. Kb8 Rh8# {White checkmated} 0-1

[Event "FICS rated blitz game"]
[Site "FICS freechess.org"]
[FICSGamesDBGameNo "20001821"]
[White "ravn"]
[Black "Lerxt"]
[WhiteElo "1397"]
[BlackElo "1444"]
[WhiteRD "na"]
[BlackRD "na"]
[TimeControl "300+0"]
[Date "1999.09.15"]
[Time "15:13:00"]
[WhiteClock "0:05:00.000"]
[BlackClock "0:05:00.000"]
[ECO "C21"]
[PlyCount "48"]
[Result "0-1"]

1. e4 e5 2. d4 exd4 3. c3 dxc3 4. Nxc3 Bb4 5. Bd2 Nc6 6. Bc4 Nf6 7. Qc2 Qe7 8. Nge2 O-O 9. Nd5 Bxd2+ 10. Qxd2 Nxd5 11. Bxd5 d6 12. O-O Ne5 13. f4 c6 14. fxe5 cxd5 15. exd6 Qxd6 16. Rad1 Qb6+ 17. Kh1 dxe4 18. Nd4 g6 19. Rde1 f5 20. Nb3 Be6 21. Re3 Rad8 22. Qc1 Rc8 23. Qe1 Rc2 24. Qh4 Qxe3 {White resigns} 0-1

[Event "FICS rated blitz game"]
[Site "FICS freechess.org"]
[FICSGamesDBGameNo "20001819"]
[White "trekie"]
[Black "Grasshoppa"]
[WhiteElo "874"]
[BlackElo "1050"]
[WhiteRD "na"]
[BlackRD "na"]
[TimeControl "300+12"]
[Date "1999.09.15"]
[Time "13:39:00"]
[WhiteClock "0:05:00.000"]
[BlackClock "0:05:00.000"]
[ECO "C24"]
[PlyCount "64"]
[Result "0-1"]

1. e4 e5 2. Bc4 Nf6 3. d3 Nc6 4. a3 d6 5. Bb5 Bd7 6. Nc3 Nd4 7. Bxd7+ Qxd7 8. Be3 O-O-O 9. Nf3 Qg4 10. O-O Nxf3+ 11. Qxf3 Qxf3 12. gxf3 c6 13. Bg5 Be7 14. f4 exf4 15. Bxf4 Ng4 16. h3 Ne5 17. Bxe5 dxe5 18. a4 Bb4 19. a5 b6 20. axb6 axb6 21. Na4 Bc5 22. Rfb1 Kc7 23. b4 Bd4 24. Ra2 Ra8 25. c3 Bxc3 26. Nxc3 Rxa2 27. Nxa2 Ra8 28. Nc3 Ra3 29. Rc1 Rb3 30. b5 c5 31. Nd5+ Kd6 32. Nc3 f6 {White forfeits on time} 0-1

[Event "FICS rated blitz game"]
[Site "FICS freechess.org"]
[FICSGamesDBGameNo "20001818"]
[White "RoyBatty"]
[Black "QueenDream"]
[WhiteElo "1627"]
[BlackElo "1622"]
[WhiteRD "na"]
[BlackRD "na"]
[TimeControl "240+0"]
[Date "1999.09.15"]
[Time "13:11:00"]
[WhiteClock "0:04:00.000"]
[BlackClock "0:04:00.000"]
[ECO "B01"]
[PlyCount "71"]
[Result "1-0"]

1. e4 d5 2. exd5 Qxd5 3. Nc3 Qa5 4. d4 Nf6 5. h3 Ne4 6. Qd3 Bf5 7. Qb5+ Nc6 8. Qxa5 Nxa5 9. Nb5 O-O-O 10. Bd3 a6 11. Bxe4 Bxe4 12. f3 Bxf3 13. Nxf3 axb5 14. Bd2 Nc4 15. Bc3 e6 16. O-O-O b4 17. Bd2 Bd6 18. b3 Na3 19. Rhe1 b5 20. Ne5 Rhf8 21. Nc6 Bg3 22. Re2 Rd6 23. Bxb4 Nxc2 24. Rxc2 Bf4+ 25. Kb2 e5 26. Bxd6 cxd6 27. dxe5 dxe5 28. Nxe5+ Kb8 29. Nd7+ Kb7 30. Nxf8 Be5+ 31. Kb1 f5 32. Rd7+ Ka6 33. Rcc7 Bxc7 34. Rxc7 g5 35. Nxh7 g4 36. hxg4 {Black resigns} 1-0

[Event "FICS rated blitz game"]
[Site "FICS freechess.org"]
[FICSGamesDBGameNo "20001817"]
[White "GOH"]
[Black "marmot"]
[WhiteElo "1385"]
[BlackElo "1780"]
[WhiteRD "na"]
[BlackRD "na"]
[TimeControl "300+0"]
[Date "1999.09.15"]
[Time "13:11:00"]
[WhiteClock "0:05:00.000"]
[BlackClock "0:05:00.000"]
[ECO "B13"]
[PlyCount "36"]
[Result "0-1"]

1. e4 c6 2. d4 d5 3. exd5 cxd5 4. c4 Nf6 5. Nc3 Nc6 6. Bf4 e6 7. Nb5 Bb4+ 8. Nc3 O-O 9. c5 Ne4 10. Ne2 e5 11. dxe5 d4 12. Bd2 Nxd2 13. Qxd2 dxc3 14. bxc3 Bxc5 15. Qf4 Be6 16. Ng3 Qa5 17. Rc1 Nxe5 18. Qxe5 Bxf2+ {White resigns} 0-1

[Event "FICS rated blitz game"]
[Site "FICS freechess.org"]
[FICSGamesDBGameNo "20001816"]
[White "jow"]
[Black "fizzgig"]
[WhiteElo "1209"]
[BlackElo "1176"]
[WhiteRD "na"]
[BlackRD "na"]
[TimeControl "300+0"]
[Date "1999.09.15"]
[Time "13:11:00"]
[WhiteClock "0:05:00.000"]
[BlackClock "0:05:00.000"]
[ECO "C44"]
[PlyCount "55"]
[Result "1-0"]

1. e4 e5 2. Nf3 Nc6 3. d4 exd4 4. Bc4 Nh6 5. c3 dxc3 6. Nxc3 Bc5 7. O-O O-O 8. Bxh6 gxh6 9. Qd5 b6 10. Qh5 Qf6 11. Nd5 Qg6 12. Qh4 Nd4 13. Nxd4 Bxd4 14. Ne7+ Kg7 15. Nxg6 Bf6 16. Qg3 Re8 17. Ne7+ Kf8 18. Nxc8 Raxc8 19. Qf4 Kg7 20. f3 Bd4+ 21. Kh1 Bxb2 22. Rad1 Be5 23. Qg4+ Kf6 24. f4 Bd6 25. e5+ Bxe5 26. fxe5+ Kxe5 27. Qxd7 Rcd8 28. Rde1# {Black checkmated} 1-0

[Event "FICS rated blitz game"]
[Site "FICS freechess.org"]
[FICSGamesDBGameNo "20001814"]
[White "lluria"]
[Black "MrHell"]
[WhiteElo "1822"]
[BlackElo "1824"]
[WhiteRD "na"]
[BlackRD "na"]
[TimeControl "180+0"]
[Date "1999.09.15"]
[Time "12:22:00"]
[WhiteClock "0:03:00.000"]
[BlackClock "0:03:00.000"]
[ECO "B23"]
[PlyCount "36"]
[Result "0-1"]

1. e4 c5 2. Nc3 e6 3. f4 Nc6 4. Nf3 g6 5. Bc4 Bg7 6. O-O Nge7 7. f5 d5 8. fxg6 hxg6 9. exd5 exd5 10. Bb5 Bg4 11. Qe2 Qd6 12. Re1 Bxf3 13. Bxc6+ bxc6 14. gxf3 Bd4+ 15. Kh1 Kf8 16. d3 Kg7 17. Be3 Bxe3 18. Qxe3 Qxh2# {White checkmated} 0-1

[Event "FICS rated blitz game"]
[Site "FICS freechess.org"]
[FICSGamesDBGameNo "20001813"]
[White "Tasa"]
[Black "mps"]
[WhiteElo "1256"]
[BlackElo "1519"]
[WhiteRD "na"]
[BlackRD "na"]
[TimeControl "240+12"]
[Date "1999.09.15"]
[Time "11:01:00"]
[WhiteClock "0:04:00.000"]
[BlackClock "0:04:00.000"]
[ECO "C59"]
[PlyCount "49"]
[Result "1-0"]

1. e4 e5 2. Nf3 Nc6 3. Bc4 Nf6 4. Ng5 d5 5. exd5 Na5 6. Bb5+ c6 7. dxc6 bxc6 8. Be2 h6 9. Nf3 e4 10. Ne5 Bd6 11. d4 exd3 12. Nxd3 O-O 13. O-O Qc7 14. g3 c5 15. Bf3 Rb8 16. Nc3 c4 17. Nf4 Nc6 18. Nfd5 Nxd5 19. Nxd5 Qd7 20. Bxh6 Qf5 21. Ne3 Qd7 22. Nxc4 gxh6 23. Qxd6 Qb7 24. Qxc6 Qe7 25. Qxh6 {Black resigns} 1-0

[Event "FICS rated blitz game"]
[Site "FICS freechess.org"]
[FICSGamesDBGameNo "20001812"]
[White "ich"]
[Black "Rebrof"]
[WhiteElo "1544"]
[BlackElo "1521"]
[WhiteRD "na"]
[BlackRD "na"]
[TimeControl "300+2"]
[Date "1999.09.15"]
[Time "07:35:00"]
[WhiteClock "0:05:00.000"]
[BlackClock "0:05:00.000"]
[ECO "B20"]
[PlyCount "100"]
[Result "1-0"]

1. e4 c5 2. d3 Nc6 3. Nd2 g6 4. g3 Bg7 5. Bg2 Nf6 6. Ne2 O-O 7. O-O d5 8. c3 dxe4 9. dxe4 Be6 10. a4 Qc7 11. Qc2 Rad8 12. Nf3 Bc4 13. Bf4 e5 14. Be3 b6 15. b3 Be6 16. Ng5 Ng4 17. Bd2 Rfe8 18. Nxe6 Rxe6 19. Bh3 Red6 20. Rad1 Nf6 21. f4 Nh5 22. fxe5 Bxe5 23. Bg5 f6 24. Bh6 Ne7 25. Rxd6 Qxd6 26. Nf4 Nxf4 27. Bxf4 Bxf4 28. Rxf4 Kg7 29. Qf2 Ng8 30. Bf1 g5 31. Rf3 Nh6 32. h3 Qe5 33. Bc4 Rd1+ 34. Bf1 Rd6 35. Qe3 Nf7 36. Kh2 h5 37. Rf5 Qe7 38. Bc4 Ne5 39. Bd5 Ng6 40. h4 gxh4 41. gxh4 Nxh4 42. Rxh5 Rxd5 43. Qh6+ Kf7 44. exd5 Qe2+ 45. Kh3 Qg2+ 46. Kxh4 Qh2+ 47. Kg4 Qg2+ 48. Kf5 Qxd5+ 49. Kf4 Qd2+ 50. Kf3 Qd1+ {Black resigns} 1-0

[Event "FICS rated blitz game"]
[Site "FICS freechess.org"]
[FICSGamesDBGameNo "20001811"]
[White "gwoya"]
[Black "Funs"]
[WhiteElo "1834"]
[BlackElo "1839"]
[WhiteRD "na"]
[BlackRD "na"]
[TimeControl "300+0"]
[Date "1999.09.15"]
[Time "07:28:00"]
[WhiteClock "0:05:00.000"]
[BlackClock "0:05:00.000"]
[ECO "B21"]
[PlyCount "59"]
[Result "1/2-1/2"]

1. e4 c5 2. d4 cxd4 3. c3 dxc3 4. Nf3 Nc6 5. Bc4 d6 6. Nxc3 Nf6 7. O-O a6 8. Qe2 Bg4 9. Qe3 Bxf3 10. Qxf3 Ne5 11. Qe2 Nxc4 12. Qxc4 Rc8 13. Qb3 e6 14. Bg5 Be7 15. Rad1 Qc7 16. Rd2 h6 17. Bh4 O-O 18. Rfd1 b5 19. Bxf6 Bxf6 20. Rxd6 Bxc3 21. bxc3 Qxc3 22. Qxc3 Rxc3 23. Rxa6 Rfc8 24. g3 Rc1 25. Rxc1 Rxc1+ 26. Kg2 Re1 27. Kf3 Kf8 28. Rb6 Ra1 29. Rxb5 Rxa2 30. Rb8+ {Game drawn by mutual agreement} 1/2-1/2

[Event "FICS rated lightning game"]
[Site "FICS freechess.org"]
[FICSGamesDBGameNo "20001810"]
[White "SavedByGraceAlone"]
[Black "Snerd"]
[WhiteElo "1363"]
[BlackElo "1521"]
[WhiteRD "na"]
[BlackRD "na"]
[TimeControl "120+0"]
[Date "1999.09.15"]
[Time "06:24:00"]
[WhiteClock "0:02:00.000"]
[BlackClock "0:02:00.000"]
[ECO "E20"]
[PlyCount "71"]
[Result "1-0"]

1. d4 Nf6 2. c4 e6 3. Nc3 Bb4 4. g3 O-O 5. Bg2 d6 6. e3 c5 7. Ne2 Nc6 8. O-O Rb8 9. d5 exd5 10. Nxd5 Ne7 11. Nxf6+ gxf6 12. Nf4 Ba5 13. Qc2 Bf5 14. e4 Bd7 15. Rd1 Nc6 16. Rxd6 Qc7 17. Rxf6 Ne5 18. Nd5 Qd8 19. Bg5 Qc8 20. Ne7+ Kg7 21. Nxc8 Rbxc8 22. Qe2 Ng4 23. Rf4 Ne5 24. Bf6+ Kg8 25. Bxe5 f6 26. Bd6 Bc7 27. e5 Rf7 28. Bd5 Bxd6 29. exd6 Re8 30. Qc2 Kf8 31. Bxf7 Kxf7 32. Qxh7+ Ke6 33. Re1+ Kxd6 34. Rd1+ Kc6 35. Qxd7+ Kb6 36. Rxf6+ {Black forfeits on time} 1-0

[Event "FICS rated blitz game"]
[Site "FICS freechess.org"]
[FICSGamesDBGameNo "20001809"]
[White "hortus"]
[Black "brettski"]
[WhiteElo "1572"]
[BlackElo "1427"]
[WhiteRD "na"]
[BlackRD "na"]
[TimeControl "120+5"]
[Date "1999.09.15"]
[Time "04:43:00"]
[WhiteClock "0:02:00.000"]
[BlackClock "0:02:00.000"]
[ECO "E90"]
[PlyCount "116"]
[Result "0-1"]

1. d4 Nf6 2. c4 g6 3. Nc3 Bg7 4. e4 d6 5. Nf3 O-O 6. h3 e5 7. d5 a5 8. Be3 Na6 9. Bd3 b6 10. Qd2 Nc5 11. Bc2 a4 12. O-O Ba6 13. b4 Bxc4 14. bxc5 Bxf1 15. Kxf1 bxc5 16. Bxa4 Qb8 17. Bc6 Ra3 18. Nb5 Ra6 19. Qd3 Rb6 20. a4 Qc8 21. a5 Qa6 22. Qe2 Nxe4 23. Nxc7 Qxe2+ 24. Kxe2 Rb2+ 25. Kf1 Rc8 26. a6 Rxc7 27. a7 Rc8 28. a8=Q Rxa8 29. Bxa8 c4 30. Bc6 h6 31. Ra8+ Kh7 32. Be8 c3 33. Bxf7 c2 34. Nh4 Rb1+ 35. Ke2 Nc3+ 36. Kf3 e4+ 37. Kg3 Be5+ 38. f4 Ne2+ 39. Kf2 Nxf4 40. Bxf4 Bxf4 41. Bxg6+ Kg7 42. Ra7+ Kf6 43. Rf7+ Ke5 44. Re7+ Kd4 45. Nf5+ Kc3 46. Rc7+ Kd2 47. Rxc2+ Kxc2 48. Ne3+ Bxe3+ 49. Kxe3 Re1+ 50. Kf4 Kd3 51. g4 Rf1+ 52. Kg3 Kd4 53. h4 e3 54. g5 e2 55. gxh6 e1=Q+ 56. Kg4 Rg1+ 57. Kh5 Qe5+ 58. Bf5 Qxf5# {White checkmated} 0-1

[Event "FICS rated lightning game"]
[Site "FICS freechess.org"]
[FICSGamesDBGameNo "20001808"]
[White "AlexF"]
[Black "Socrates"]
[WhiteElo "1519"]
[BlackElo "1494"]
[WhiteRD "na"]
[BlackRD "na"]
[TimeControl "120+0"]
[Date "1999.09.15"]
[Time "01:58:00"]
[WhiteClock "0:02:00.000"]
[BlackClock "0:02:00.000"]
[ECO "B34"]
[PlyCount "39"]
[Result "1-0"]

1. e4 c5 2. Nf3 Nc6 3. d4 cxd4 4. Nxd4 g6 5. Nc3 Bg7 6. Be3 Nf6 7. Qd2 O-O 8. Be2 a6 9. O-O-O d5 10. Nxc6 bxc6 11. exd5 cxd5 12. Bh6 Bxh6 13. Qxh6 d4 14. Qh4 dxc3 15. Rxd8 cxb2+ 16. Kb1 Rxd8 17. Rd1 Bf5 18. Rxd8+ Rxd8 19. Qb4 Rc8 20. Bd3 {Black forfeits on time} 1-0

[Event "FICS rated blitz game"]
[Site "FICS freechess.org"]
[FICSGamesDBGameNo "20001807"]
[White "SkyLark"]
[Black "LaCosta"]
[WhiteElo "1511"]
[BlackElo "1325"]
[WhiteRD "na"]
[BlackRD "na"]
[TimeControl "600+0"]
[Date "1999.09.14"]
[Time "23:36:00"]
[WhiteClock "0:10:00.000"]
[BlackClock "0:10:00.000"]
[ECO "D37"]
[PlyCount "74"]
[Result "0-1"]

1. d4 d5 2. Nf3 e6 3. c4 Nf6 4. cxd5 Nxd5 5. Nc3 Be7 6. Nxd5 Qxd5 7. e3 O-O 8. b3 b6 9. Bd2 Bb7 10. Be2 Nd7 11. O-O c5 12. Bc4 Qf5 13. dxc5 Nxc5 14. Bc3 Bxf3 15. Qxf3 Qxf3 16. gxf3 Rfd8 17. Kh1 Nd3 18. Bxd3 Rxd3 19. Be5 Bd6 20. Bd4 Rc8 21. Rg1 e5 22. Bb2 Rd2 23. Bc1 Rxf2 24. f4 exf4 25. exf4 Bxf4 26. Rg2 Rxg2 27. Bxf4 Rf2 28. Be5 Re8 29. Bc3 Ree2 30. Kg1 Rxh2 31. Kf1 h6 32. a4 Rc2 33. Be5 Ra2 34. Bxh2 Rxa1+ 35. Kg2 Ra2+ 36. Kh3 Rb2 37. Bb8 a5 {White resigns} 0-1

[Event "FICS rated blitz game"]
[Site "FICS freechess.org"]
[FICSGamesDBGameNo "20001806"]
[White "AlexBRASIL"]
[Black "Transby"]
[WhiteElo "1662"]
[BlackElo "1519"]
[WhiteRD "na"]
[BlackRD "na"]
[TimeControl "300+0"]
[Date "1999.09.14"]
[Time "18:36:00"]
[WhiteClock "0:05:00.000"]
[BlackClock "0:05:00.000"]
[ECO "A00"]
[PlyCount "75"]
[Result "1-0"]

1. e3 e5 2. b3 d5 3. Bb2 Nc6 4. Bb5 Bd6 5. f4 Qf6 6. Nf3 Bg4 7. fxe5 Bxe5 8. Bxe5 Qxe5 9. Nxe5 Bxd1 10. Nxc6 Bh5 11. g4 Bg6 12. Ne5+ Ke7 13. d3 c6 14. Nxc6+ bxc6 15. Bxc6 Rd8 16. Nc3 Ke6 17. Kd2 Ne7 18. Ba4 f5 19. gxf5+ Nxf5 20. e4 dxe4 21. Nxe4 Nh4 22. Raf1 Bxe4 23. Rf4 Nf3+ 24. Ke3 Ng5 25. dxe4 Rd4 26. h4 Rxa4 27. bxa4 Nf7 28. Rhf1 Nd6 29. Rf8 Rxf8 30. Rxf8 Nc4+ 31. Kd4 Nb6 32. a5 Nd7 33. Ra8 h6 34. Rxa7 g5 35. hxg5 hxg5 36. Rb7 g4 37. a6 g3 38. a7 {Black forfeits on time} 1-0

[Event "FICS rated blitz game"]
[Site "FICS freechess.org"]
[FICSGamesDBGameNo "20001804"]
[White "AlexBRASIL"]
[Black "jco"]
[WhiteElo "1652"]
[BlackElo "1677"]
[WhiteRD "na"]
[BlackRD "na"]
[TimeControl "300+0"]
[Date "1999.09.14"]
[Time "18:13:00"]
[WhiteClock "0:05:00.000"]
[BlackClock "0:05:00.000"]
[ECO "A00"]
[PlyCount "56"]
[Result "0-1"]

1. e3 d5 2. b3 c6 3. Bb2 f6 4. Bd3 e5 5. Qh5+ Ke7 6. f4 e4 7. Be2 Be6 8. f5 Bf7 9. Qg4 Nh6 10. Qh3 Nd7 11. g4 g6 12. fxg6 hxg6 13. Qg3 Bg7 14. h4 Be6 15. Nh3 Ne5 16. Nf4 Bf7 17. g5 Nf5 18. gxf6+ Bxf6 19. Qf2 Rxh4 20. Rh2 Qh8 21. Nh5 Rxh2 22. Qxh2 gxh5 23. Na3 h4 24. O-O-O Nd3+ 25. cxd3 Bxb2+ 26. Kb1 Bxa3 27. Qc7+ Kf8 28. dxe4 Qb2# {White checkmated} 0-1

[Event "FICS rated lightning game"]
[Site "FICS freechess.org"]
[FICSGamesDBGameNo "20001803"]
[White "ricoTAL"]
[Black "sethb"]
[WhiteElo "1658"]
[BlackElo "1832"]
[WhiteRD "na"]
[BlackRD "na"]
[TimeControl "60+0"]
[Date "1999.09.14"]
[Time "18:08:00"]
[WhiteClock "0:01:00.000"]
[BlackClock "0:01:00.000"]
[ECO "B00"]
[PlyCount "72"]
[Result "0-1"]

1. e4 b6 2. d4 Bb7 3. f3 f5 4. d5 fxe4 5. fxe4 Nf6 6. Nc3 e6 7. Bg5 Be7 8. dxe6 dxe6 9. Qxd8+ Bxd8 10. O-O-O O-O 11. Bxf6 Bxf6 12. Nf3 Bxc3 13. bxc3 Bxe4 14. Ng5 Bg6 15. Bc4 Bf5 16. Rhf1 Nc6 17. Rxf5 Rxf5 18. Bxe6+ Kf8 19. Bxf5 h6 20. Ne6+ Ke7 21. Nxc7 Rd8 22. Rxd8 Kxd8 23. Ne6+ Ke7 24. Nxg7 Kf6 25. Bd3 Kxg7 26. Kd2 Ne5 27. Ke3 Ng4+ 28. Kf4 Nxh2 29. Be2 Kg6 30. c4 h5 31. Kg3 Ng4 32. Bxg4 hxg4 33. Kxg4 Kf6 34. Kf4 Ke6 35. g4 Kd6 36. g5 Ke7 {White forfeits on time} 0-1

[Event "FICS rated blitz game"]
[Site "FICS freechess.org"]
[FICSGamesDBGameNo "20001802"]
[White "wildplum"]
[Black "Pedu"]
[WhiteElo "1676"]
[BlackElo "1686"]
[WhiteRD "na"]
[BlackRD "na"]
[TimeControl "120+12"]
[Date "1999.09.14"]
[Time "17:42:00"]
[WhiteClock "0:02:00.000"]
[BlackClock "0:02:00.000"]
[ECO "A00"]
[PlyCount "77"]
[Result "1-0"]

1. g3 e6 2. Bg2 d5 3. d4 Nf6 4. Nf3 c5 5. O-O Nc6 6. c4 cxd4 7. Nxd4 Nxd4 8. Qxd4 b6 9. cxd5 Bc5 10. Qa4+ Bd7 11. Qd1 Nxd5 12. Bxd5 exd5 13. Qxd5 O-O 14. Nc3 Be6 15. Qxd8 Rfxd8 16. Bf4 Bc4 17. Rad1 Re8 18. Rfe1 h6 19. Bd6 Bxd6 20. Rxd6 b5 21. b3 b4 22. bxc4 bxc3 23. e3 Re4 24. Rd4 Rxd4 25. exd4 Rc8 26. c5 Rd8 27. Rc1 Rxd4 28. Rxc3 Kf8 29. c6 Rd8 30. Kg2 Ke7 31. Kf3 Kd6 32. Rd3+ Kc7 33. Rxd8 Kxd8 34. Ke4 Kc7 35. Kd5 a6 36. f4 h5 37. h3 a5 38. a4 f5 39. Kc5 {Black resigns} 1-0

[Event "FICS rated blitz game"]
[Site "FICS freechess.org"]
[FICSGamesDBGameNo "20001799"]
[White "genoa"]
[Black "Sathish"]
[WhiteElo "1382"]
[BlackElo "1355"]
[WhiteRD "na"]
[BlackRD "na"]
[TimeControl "120+12"]
[Date "1999.09.14"]
[Time "14:02:00"]
[WhiteClock "0:02:00.000"]
[BlackClock "0:02:00.000"]
[ECO "A20"]
[PlyCount "84"]
[Result "1/2-1/2"]

1. c4 e5 2. g3 d5 3. cxd5 Qxd5 4. Nf3 Nf6 5. Nc3 Qd8 6. Bg2 c6 7. Nxe5 Nbd7 8. Nxd7 Bxd7 9. d4 Be7 10. O-O O-O 11. e4 Qc8 12. Re1 Bh3 13. Bh1 Bb4 14. e5 Ng4 15. a3 Bxc3 16. bxc3 Qf5 17. Qf3 Qc2 18. Bf4 Rae8 19. Re2 Qb3 20. Bg2 Bxg2 21. Kxg2 h5 22. h3 Nh6 23. Bxh6 gxh6 24. Qxh5 Qxc3 25. Qg4+ Kh7 26. Re3 Qxa1 27. Qe4+ Kh8 28. Qh4 Kh7 29. Qe4+ Kh8 30. Qh4 Kh7 31. Qe4+ Kg7 32. Qg4+ Kh7 33. Qf5+ Kh8 34. Qf6+ Kh7 35. Qf5+ Kh8 36. Re4 Rg8 37. Qf6+ Kh7 38. Qxf7+ Kh8 39. Qf6+ Kh7 40. Qf7+ Kh8 41. Qf6+ Kh7 42. Qf7+ Kh8 {Game drawn by repetition} 1/2-1/2

[Event "FICS rated blitz game"]
[Site "FICS freechess.org"]
[FICSGamesDBGameNo "20001797"]
[White "Gery"]
[Black "ACC"]
[WhiteElo "2047"]
[BlackElo "1902"]
[WhiteRD "na"]
[BlackRD "na"]
[TimeControl "300+0"]
[Date "1999.09.14"]
[Time "10:56:00"]
[WhiteClock "0:05:00.000"]
[BlackClock "0:05:00.000"]
[ECO "D02"]
[PlyCount "147"]
[Result "1/2-1/2"]

1. Nf3 d5 2. d4 c5 3. dxc5 Nc6 4. e4 d4 5. c3 e5 6. Bb5 Bxc5 7. Nxe5 Bd7 8. Nxd7 Qxd7 9. O-O Nge7 10. Qh5 Bb6 11. Rd1 O-O 12. Be3 a6 13. Ba4 Qe6 14. cxd4 Qxe4 15. Nc3 Qg6 16. Qf3 Nf5 17. Bc2 Nce7 18. Qxb7 Rab8 19. Qxa6 Qh5 20. Qd3 Rbd8 21. Qe4 Nxe3 22. Qxe3 Nc6 23. Qe2 Qxe2 24. Nxe2 Bxd4 25. Nxd4 Nxd4 26. Be4 f5 27. Bf3 Nxf3+ 28. gxf3 Rb8 29. Rd2 Rf6 30. Rad1 Rb4 31. Rd8+ Kf7 32. R1d7+ Kg6 33. b3 Rf4 34. Kg2 Kh6 35. Rd6 Rb4 36. Rxf6+ gxf6 37. Rc8 Kg5 38. Rc4 Rb8 39. f4+ Kg6 40. Kf3 h5 41. h4 Rb5 42. Ra4 Kf7 43. b4 Ke6 44. a3 Kd6 45. Ra5 Rb8 46. Rxf5 Ra8 47. Rxf6+ Ke7 48. Rh6 Rxa3+ 49. Ke4 Ra4 50. Rxh5 Rxb4+ 51. Kf5 Rb2 52. f3 Rf2 53. Kg4 Rg2+ 54. Kh3 Rf2 55. Kg3 Rf1 56. Rf5 Rg1+ 57. Kh2 Rf1 58. Kg2 Rd1 59. h5 Rd2+ 60. Kg3 Ke6 61. Rg5 Rd1 62. h6 Rg1+ 63. Kh2 Ra1 64. h7 Ra8 65. Rg8 Ra2+ 66. Kg3 Ra1 67. h8=Q Rg1+ 68. Kf2 Ra1 69. Qe5+ Kd7 70. Qxa1 Kd6 71. Qd4+ Ke7 72. Rg6 Kf7 73. Qf6+ Ke8 74. Rg7 {Game drawn by stalemate} 1/2-1/2

[Event "FICS rated lightning game"]
[Site "FICS freechess.org"]
[FICSGamesDBGameNo "20001796"]
[White "lucio"]
[Black "Katrin"]
[WhiteElo "1625"]
[BlackElo "1435"]
[WhiteRD "na"]
[BlackRD "na"]
[TimeControl "120+0"]
[Date "1999.09.14"]
[Time "10:19:00"]
[WhiteClock "0:02:00.000"]
[BlackClock "0:02:00.000"]
[ECO "C50"]
[PlyCount "60"]
[Result "1-0"]

1. e4 e5 2. Nf3 Nc6 3. Bc4 Bc5 4. O-O Nf6 5. Re1 O-O 6. h3 d6 7. a3 a5 8. c3 Re8 9. Bf1 d5 10. exd5 Nxd5 11. Bb5 Qf6 12. Bxc6 bxc6 13. d4 Bd6 14. dxe5 Bxe5 15. Nxe5 Rxe5 16. Rxe5 Qxe5 17. Nd2 h6 18. Nf3 Qe7 19. Qd4 Bf5 20. Bf4 Nxf4 21. Qxf4 Bd7 22. Re1 Qd6 23. Qc4 Rb8 24. Qe2 Re8 25. Qd1 Rxe1+ 26. Qxe1 Be6 27. Nd4 Qd5 28. Qe3 Qc5 29. Kh2 Qb6 30. Nxe6 fxe6 {Black forfeits on time} 1-0

[Event "FICS rated blitz game"]
[Site "FICS freechess.org"]
[FICSGamesDBGameNo "20001795"]
[White "Rivaldo"]
[Black "edlemp"]
[WhiteElo "1773"]
[BlackElo "1900"]
[WhiteRD "na"]
[BlackRD "na"]
[TimeControl "300+0"]
[Date "1999.09.14"]
[Time "10:10:00"]
[WhiteClock "0:05:00.000"]
[BlackClock "0:05:00.000"]
[ECO "D15"]
[PlyCount "42"]
[Result "0-1"]

1. Nf3 c6 2. d4 d5 3. c4 Nf6 4. Nc3 dxc4 5. e4 b5 6. e5 Nd5 7. a4 e6 8. axb5 Nxc3 9. bxc3 cxb5 10. Ng5 Bb7 11. Qh5 Qd7 12. f3 Nc6 13. Ne4 Nxd4 14. cxd4 Qxd4 15. Rb1 Bxe4 16. fxe4 Qxe4+ 17. Qe2 Qxb1 18. Qe3 Be7 19. Be2 O-O 20. O-O Rac8 21. Bf3 Bc5 {White resigns} 0-1

[Event "FICS rated blitz game"]
[Site "FICS freechess.org"]
[FICSGamesDBGameNo "20001794"]
[White "turbotruth"]
[Black "spalpeen"]
[WhiteElo "1768"]
[BlackElo "1536"]
[WhiteRD "na"]
[BlackRD "na"]
[TimeControl "360+0"]
[Date "1999.09.14"]
[Time "09:57:00"]
[WhiteClock "0:06:00.000"]
[BlackClock "0:06:00.000"]
[ECO "D31"]
[PlyCount "100"]
[Result "1-0"]

1. d4 d5 2. c4 e6 3. Nc3 Bb4 4. cxd5 Qxd5 5. Qb3 Qxb3 6. axb3 Nc6 7. e3 Nf6 8. Bb5 Bd7 9. Nf3 O-O 10. O-O a6 11. Bxc6 Bxc6 12. Ne5 Be8 13. Nd3 Be7 14. b4 Bc6 15. Ne5 Be8 16. b5 Bxb5 17. Nxb5 axb5 18. Bd2 Bd6 19. Ra5 Rxa5 20. Bxa5 b6 21. Bc3 Bxe5 22. dxe5 Nd5 23. e4 Nxc3 24. bxc3 c6 25. Rd1 Rc8 26. Rd6 Kf8 27. f4 Ke7 28. Kf2 f6 29. Ke3 fxe5 30. fxe5 g5 31. g4 h6 32. h3 Kf7 33. Rd7+ Kg6 34. Re7 b4 35. cxb4 c5 36. Rxe6+ Kg7 37. b5 Ra8 38. Rxb6 Ra3+ 39. Kd2 Rxh3 40. Rc6 Rg3 41. b6 Rb3 42. Rc7+ Kg6 43. b7 c4 44. e6 c3+ 45. Kc2 Rb2+ 46. Kxc3 Rxb7 47. Rxb7 h5 48. gxh5+ Kxh5 49. e7 g4 50. e8=Q+ Kh4 {Black resigns} 1-0

[Event "FICS rated blitz game"]
[Site "FICS freechess.org"]
[FICSGamesDBGameNo "20001793"]
[White "Kogula"]
[Black "Nobby"]
[WhiteElo "1617"]
[BlackElo "1602"]
[WhiteRD "na"]
[BlackRD "na"]
[TimeControl "180+0"]
[Date "1999.09.14"]
[Time "09:04:00"]
[WhiteClock "0:03:00.000"]
[BlackClock "0:03:00.000"]
[ECO "B72"]
[PlyCount "51"]
[Result "1-0"]

1. e4 c5 2. Nf3 d6 3. d4 cxd4 4. Nxd4 Nf6 5. Nc3 g6 6. Bc4 Bg7 7. Be3 Ng4 8. Bf4 e5 9. Bb5+ Kf8 10. Be3 Nxe3 11. fxe3 exd4 12. exd4 a6 13. Bc4 b5 14. Bb3 b4 15. Nd5 Qh4+ 16. g3 Qxe4+ 17. Qe2 Qxh1+ 18. Kd2 Bh6+ 19. Kd3 Bf5+ 20. Kc4 Qxa1 21. Qe7+ Kg8 22. Qd8+ Kg7 23. Qf6+ Kg8 24. Ne7+ Kf8 25. Nxf5 Qxb2 26. Qxh8# {Black checkmated} 1-0